Map: Simulacrum LE

Players

Serral - Winner!

  • Race: Zerg Zerg
  • League: Grandmaster
  • Spawn Location: 5:00

Reynor

  • Race: Zerg Zerg
  • League: Master
  • Spawn Location: 11:00

Event: Shopify TSL 5

VOD

Have the link to the VOD?

Description

Time

  • Played on: May 24, 2020, 12:57 p.m.
  • Length: 13:10

All games in this series

Show
View Real Time Build Order
Export as new Build Order

Serral Zerg - Winner!

Build Orders: Hatch First, Muta Ling Bane, Zergling Baneling 

Get SALT Encoding   

  12  0:00  Drone  
  13  0:12  Overlord  
  13  0:16  Drone  
  14  0:30  Drone x2  
  16  0:48  Hatchery  
  15  0:51  Drone  
  15  0:54  Drone  
  17  0:58  Drone  
  18  1:08  Extractor  
  17  1:13  Spawning Pool  
  17  1:16  Drone  
  17  1:19  Drone  
  18  1:28  Drone  
  19  1:38  Drone  
  20  1:50  Overlord  
  20  1:59  Queen  
  20  2:00  Queen  
  20  2:01  Zergling x4  
  26  2:08  Metabolic Boost  
  26  2:10  Drone  
  26  2:11  Drone  
  28  2:22  Drone x2  
  30  2:35  Hatchery  
  29  2:39  Drone  
  29  2:42  Drone  
  29  2:43  Drone  
  32  2:52  Baneling Nest  
  32  2:53  Overlord  
  32  2:57  Zergling x2  
  32  2:59  Drone  
  33  3:05  Drone x2  
  33  3:08  Drone  
  37  3:12  Drone  
  37  3:13  Drone  
  37  3:14  Zergling x2  
  37  3:17  Drone  
  40  3:20  Overlord  
  40  3:26  Zergling x4  
  42  3:32  Evolution Chamber, Zergling x2  
  42  3:36  Zergling x2, Baneling  
  42  3:37  Zergling x2  
  45  3:41  Zergling x4  
  45  3:44  Zergling x4  
  45  3:47  Zergling x4  
  50  3:51  Baneling x4  
  50  3:54  Zergling x4  
  52  4:00  Zergling x2  
  52  4:01  Zergling x4  
  55  4:05  Overlord  
  55  4:06  Baneling x2  
  55  4:07  Baneling  
  54  4:11  Zergling x4  
  54  4:14  Zergling x4  
  52  4:24  Zergling x6  
  52  4:25  Drone  
  52  4:26  Drone x2  
  57  4:32  Lair  
  57  4:35  Drone x2  
  57  4:37  Drone  
  57  4:38  Drone  
  57  4:41  Zergling x2, Baneling  
  57  4:42  Zergling x2  
  57  4:45  Extractor  
  54  4:46  Zergling x2  
  54  4:48  Zergling x2  
  54  4:49  Drone  
  54  4:51  Drone  
  57  4:55  Zergling x2  
  57  4:57  Drone  
  57  4:58  Extractor  
  57  4:59  Drone x2  
  59  5:02  Zergling x2  
  57  5:08  Zergling x4  
  57  5:13  Zergling x6  
  57  5:22  Queen  
  57  5:27  Extractor, Baneling  
  58  5:32  Spire  
  58  5:34  Drone x3  
  60  5:37  Baneling x2  
  60  5:40  Zergling x6  
  60  5:41  Drone x2  
  60  5:42  Drone  
  66  5:44  Drone  
  66  5:49  Overlord  
  66  5:52  Overlord  
  66  5:54  Overlord  
  64  5:59  Extractor  
  64  6:03  Drone  
  64  6:04  Drone x2  
  66  6:07  Extractor  
  66  6:11  Drone x2  
  63  6:15  Zergling x4  
  63  6:20  Zergling x4  
  63  6:21  Zergling x2  
  63  6:34  Spine Crawler x2  
  61  6:40  Zerg Melee Weapons Level 1  
  61  6:45  Mutalisk x3  
  61  6:46  Mutalisk x3  
  73  6:54  Mutalisk  
  73  6:57  Zerg Flyer Weapons Level 1  
  73  6:59  Overlord  
  77  7:03  Drone x2  
  77  7:05  Mutalisk  
  80  7:08  Drone  
  80  7:09  Drone x5  
  80  7:13  Mutalisk  
  88  7:16  Overlord  
  88  7:17  Overlord  
  83  7:25  Drone, Mutalisk  
  83  7:29  Mutalisk x2  
  90  7:35  Zergling x6  
  94  7:44  Hatchery  
  92  7:47  Centrifical Hooks  
  92  7:50  Zergling x4  
  94  7:52  Mutalisk  
  94  7:55  Mutalisk  
  98  7:58  Drone  
  98  8:00  Drone  
  98  8:01  Overlord  
  98  8:04  Mutalisk  
  102  8:06  Mutalisk  
  102  8:11  Zergling x2  
  102  8:12  Zergling x4  
  107  8:17  Zergling x8  
  111  8:25  Mutalisk x3  
  117  8:28  Zergling x6  
  117  8:31  Zergling x2  
  117  8:33  Overseer  
  121  8:39  Overlord  
  121  8:43  Overlord  
  121  8:47  Baneling x5  
  121  8:48  Overlord  
  117  9:05  Zergling x24  
  123  9:13  Mutalisk  
  123  9:14  Mutalisk x4  
  126  9:23  Zergling x8  
  126  9:28  Mutalisk x2  
  126  9:29  Overseer  
  130  9:37  Baneling x9  
  129  9:39  Zergling x2  
  129  9:40  Zergling x10  
  130  9:55  Mutalisk x3  
  130  9:59  Zergling x18  
  143  10:01  Overlord  
  143  10:05  Overlord  
  143  10:07  Overlord  
  139  10:16  Mutalisk  
  139  10:20  Baneling x5  
  139  10:21  Zerg Melee Weapons Level 2  
  139  10:23  Drone x4  
  139  10:27  Zergling x8  
  143  10:35  Zergling x10  
  143  10:41  Baneling x8  
  143  10:43  Drone x3  
  144  11:02  Zergling x2  
  144  11:03  Zergling x18  
  133  11:13  Mutalisk x5  
  133  11:14  Mutalisk x2  
  137  11:26  Queen, Drone x2  
  137  11:29  Extractor x2  
  137  11:30  Drone x3  
  137  11:31  Drone x3  
  145  11:34  Baneling x7  
  141  11:41  Mutalisk x2  
  141  11:44  Baneling  
  141  11:45  Overseer  
  141  11:46  Zergling x10  
  150  11:50  Pneumatized Carapace  
  150  11:53  Overlord  
  150  11:54  Zergling x6  
  152  12:00  Zergling x10  
  158  12:07  Zergling x8  
  146  12:15  Zergling x2  
  146  12:16  Zergling x8  
  147  12:24  Mutalisk x3  
  147  12:26  Overseer  
  147  12:28  Zergling x16  
  159  12:38  Baneling x6  
  159  12:40  Zergling x8  
  159  12:42  Baneling  
Show
View Real Time Build Order
Export as new Build Order

Reynor Zerg 

Build Orders: Hatch First 

Get SALT Encoding   

  12  0:00  Drone  
  13  0:12  Overlord  
  13  0:16  Drone  
  14  0:30  Drone x2  
  16  0:47  Hatchery  
  15  0:51  Drone  
  15  0:55  Drone  
  17  0:58  Drone  
  18  1:10  Extractor  
  17  1:14  Spawning Pool  
  17  1:16  Drone  
  17  1:20  Drone  
  18  1:28  Drone  
  19  1:38  Drone  
  20  1:48  Drone  
  21  1:59  Overlord  
  21  2:01  Queen  
  21  2:02  Queen, Zergling x2  
  26  2:10  Drone  
  26  2:11  Metabolic Boost  
  26  2:12  Drone  
  28  2:20  Drone  
  28  2:21  Drone  
  30  2:31  Zergling x2  
  30  2:36  Hatchery  
  30  2:40  Drone  
  30  2:42  Drone  
  32  2:47  Baneling Nest  
  32  2:49  Drone  
  32  2:55  Overlord  
  32  2:59  Zergling x2  
  32  3:04  Zergling x4  
  35  3:12  Drone  
  36  3:13  Drone  
  36  3:14  Drone  
  36  3:15  Drone x3  
  36  3:19  Overlord  
  41  3:25  Queen  
  43  3:28  Zergling x2  
  43  3:32  Baneling  
  44  3:36  Evolution Chamber  
  44  3:37  Drone  
  44  3:38  Drone  
  45  3:48  Drone x4  
  49  3:49  Overlord  
  49  3:50  Drone x2  
  49  3:55  Drone x2  
  53  3:59  Baneling x2  
  53  4:00  Zergling x4  
  53  4:02  Drone  
  56  4:07  Zerg Missile Weapons Level 1  
  56  4:09  Drone  
  57  4:14  Drone  
  57  4:19  Baneling  
  57  4:21  Zergling x12  
  56  4:26  Queen  
  56  4:30  Zergling x2  
  56  4:32  Zergling x2  
  56  4:33  Zergling x4  
  56  4:34  Zergling x2  
  56  4:37  Zergling x2  
  50  4:43  Zergling x6  
  48  4:53  Zergling x4  
  48  4:54  Zergling x2  
  48  4:59  Zergling x6  
  52  5:03  Queen  
  52  5:05  Zergling x4  
  51  5:09  Zergling x2  
  49  5:15  Zergling x4  
  49  5:17  Roach Warren  
  49  5:19  Baneling x2  
  49  5:20  Drone x3  
  51  5:21  Drone  
  51  5:26  Lair  
  52  5:28  Extractor  
  52  5:30  Drone  
  52  5:31  Extractor, Baneling  
  52  5:32  Drone  
  52  5:35  Drone  
  53  5:37  Drone  
  53  5:39  Drone  
  53  5:42  Drone  
  56  5:46  Queen  
  56  5:49  Overlord  
  58  5:51  Drone x2  
  59  6:00  Drone x2  
  59  6:02  Roach x2  
  59  6:04  Overlord  
  64  6:11  Baneling  
  64  6:12  Baneling  
  64  6:13  Roach x3  
  64  6:15  Drone  
  69  6:23  Queen  
  68  6:29  Zerg Missile Weapons Level 2  
  68  6:30  Drone x2  
  68  6:31  Drone x3  
  69  6:35  Drone x3  
  69  6:36  Drone x2  
  74  6:40  Overlord  
  74  6:46  Roach x2  
  77  6:48  Extractor, Drone  
  77  6:51  Extractor, Queen  
  78  6:57  Queen  
  78  6:58  Drone  
  78  6:59  Glial Reconstitution  
  82  7:01  Drone  
  82  7:03  Drone x2  
  82  7:05  Drone x2  
  82  7:07  Drone  
  87  7:08  Extractor  
  87  7:14  Drone x4  
  90  7:17  Overlord  
  90  7:20  Queen  
  89  7:23  Spore Crawler  
  89  7:24  Spore Crawler  
  89  7:25  Spore Crawler  
  89  7:29  Overlord, Overseer  
  86  7:30  Spore Crawler  
  86  7:33  Infestation Pit  
  84  7:37  Overlord  
  84  7:43  Spore Crawler  
  83  7:45  Spore Crawler x2  
  83  7:46  Drone, Spore Crawler  
  83  7:47  Drone x2  
  83  7:48  Drone  
  83  7:51  Overlord  
  84  7:56  Drone x3  
  87  7:59  Queen  
  89  8:10  Infestor x4  
  97  8:19  Overlord  
  97  8:29  Overlord  
  97  8:33  Overlord  
  97  8:37  Hive  
  97  8:38  Overlord  
  97  8:39  Roach x4  
  105  8:45  Overlord  
  105  8:48  Roach  
  105  8:49  Roach x3  
  113  9:01  Roach x3  
  113  9:05  Drone x2  
  113  9:06  Drone  
  113  9:09  Roach x2  
  120  9:10  Roach x2  
  120  9:16  Drone  
  120  9:17  Drone  
  119  9:20  Drone  
  119  9:24  Drone  
  117  9:25  Queen  
  117  9:26  Extractor  
  117  9:27  Roach x2  
  117  9:28  Hydralisk Den  
  117  9:29  Burrow  
  121  9:31  Spore Crawler  
  120  9:44  Infestor x2  
  120  9:53  Hatchery  
  120  9:57  Zerg Missile Weapons Level 3  
  120  9:59  Viper  
  119  10:01  Lurker Den  
  119  10:05  Overlord  
  119  10:14  Drone x5  
  119  10:16  Viper  
  119  10:19  Roach x5  
  119  10:21  Queen  
  135  10:23  Hydralisk  
  135  10:27  Spore Crawler  
  133  10:28  Spore Crawler  
  133  10:30  Extractor  
  133  10:31  Extractor  
  133  10:32  Hydralisk x2  
  132  10:38  Hydralisk x2  
  136  10:45  Drone x4  
  136  10:46  Drone  
  141  10:53  Hydralisk x2  
  145  10:57  Overlord  
  145  10:58  Drone  
  145  11:04  Roach x3  
  142  11:05  Drone x2, Hydralisk  
  142  11:07  Queen  
  139  11:14  Drone x2  
  139  11:15  Drone x2  
  139  11:16  Queen  
  126  11:23  Hydralisk  
  128  11:27  Drone x2  
  128  11:28  Infestor x5  
  128  11:29  Infestor  
  130  11:37  Hydralisk x2  
  130  11:39  Drone  
  135  11:47  Drone x3  
  135  11:51  Hydralisk x2  
  143  11:54  Lurker  
  143  11:56  Drone  
  142  12:11  Drone  
  142  12:12  Drone x4  
  142  12:15  Hydralisk x2  
  127  12:24  Hydralisk  
  127  12:25  Hydralisk  
  129  12:35  Hydralisk x2  
  133  12:41  Hydralisk  
Tags
 
Add a new tag
Caveats
  • Supply blocks, unpowered buildings, or Contaminate may cause inaccurate times.
  • Supply counts are checked every 10 seconds.